Unix NetHack Version 5.0.0-0 post-release - last build Jun 10 2026 00:39:30 (3ee93aec679c4c4259841fe613dc97188e26a321,branch:main).

Game began 2026-06-23 00:26:58, ended 2026-06-23 00:48:08.

Drastanta, lawful male human Samurai

                                           ------------
                                         -.|...^....%.|
                      --------------------.|.-------..|
                      |..........^...........|     |..|
                      ------------------------     |..|
                       -----------------------------..|
                       .G@)h)".))**....."..........%%.|
                      ------------------------------%.
                                                   |.

Drastanta the Ninja    St:13 Dx:13 Co:18 In:11 Wi:12 Ch:12  Lawful
Dlvl:10 $:101 HP:0(68) Pw:23(23) AC:2  Xp:7 T:2546 

Latest messages:
 A rock misses you.
 You hear a nearby zap.
 It is missed.
 It is hit.
 It is missed.
 It is hit!
 It is missed.
 It is missed.
 You are hit by a crossbow bolt!
 It is hit.
 It is destroyed!
 You are almost hit by a rock.
 It is missed.
 A crossbow bolt misses you.
 It is missed.
 A crossbow bolt misses you.
 It is hit.
 It is missed.
 A crossbow bolt misses you.
 It is hit.
 Really step into that web? [yn] (n) y
 You stumble into a spider web!
 You are stuck to the web.
 You are stuck to the web.
 You disentangle yourself.
 You see here a crossbow bolt.
 You swap places with the peaceful dwarf.
 You see here a crossbow bolt.
 You hit the gnome king.
 The gnome king swings his crossbow.
 The gnome king hits!
 You hit the gnome king!
 The gnome king swings his crossbow.
 The gnome king hits!
 You hit the gnome king!
 The gnome king swings his crossbow.
 The gnome king hits!
 What do you want to write with? [- acdvDFI or ?*] ?
 You write in the dust with a balsa wand.
 What do you want to write in the dust here? Elbereth
 The floor is riddled by bullet holes!
 You hear a wolf howling at the moon.
 What do you want to zap? [vI or ?*] ?
 In what direction? 4
 The magic missile hits the gnome king.
 The gnome king swings his crossbow.
 The gnome king hits!
 You die...
 Do you want your possessions identified? [ynq] (y) y
 Do you want to see your attributes? [ynq] (y) q

Inventory:
 Coins    ('$')
  $ - 101 gold pieces
 Weapons  (')')
  d - 35 +0 ya (in quiver)
  c - a +0 yumi (alternate weapon; not wielded)
  a - a +0 katana (weapon in right hand)
 Armor    ('[')
  r - an uncursed +0 pair of iron shoes (being worn)
  i - an uncursed +0 Hawaiian shirt with a bird of paradise motif
  e - an uncursed rustproof +0 splint mail (being worn)
 Comestibles  ('%')
  m - an uncursed Can of White Monster
  G - 2 uncursed carrots
  q - an uncursed fortune cookie
  f - 3 uncursed gunyoki
  H - an uncursed tripe ration
 Scrolls  ('?')
  w - an uncursed scroll of create monster
  M - an uncursed scroll of destroy armor
  y - an uncursed scroll of enchant weapon
  k - an uncursed scroll of identify
  j - an uncursed scroll of magic mapping
  u - an uncursed scroll of teleportation
 Potions  ('!')
  E - an uncursed potion of object detection
  A - an uncursed potion of sleeping
 Rings    ('=')
  D - a cursed ring of fire resistance
 Wands    ('/')
  I - a wand of magic missile (0:5)
  v - a wand of striking (0:0)
 Tools    ('(')
  p - an uncursed sack containing 3 items
  F - a magic marker (0:83)
  z - a cursed osaku
  L - an uncursed partly used wax candle (lit)

Contents of the sack:
  35 gold pieces
  a +0 wakizashi
  an uncursed towel

Drastanta the Samurai's attributes:

Background:
 You were a Ninja, a level 7 male human Samurai.
 You were lawful, on a mission for Amaterasu Omikami
 who was opposed by Raijin (neutral) and Susanowo (chaotic).
 You were right-handed.
 You were in the Gnomish Mines, on level 10.
 You entered the dungeon 2546 turns ago.
 It was the midnight hour.
 You had 1099 experience points, 181 more were needed to attain level 8.

Basics:
 You had 0 out of 68 hit points.
 You had all 23 energy points (spell power).
 Your armor class was 2.
 Your wallet contained 101 zorkmids, and
 you had 35 more stashed away in your pack.
 Autopickup was on for '$' plus thrown.

Final Characteristics:
 Your strength was 13 (limit:18/100).
 Your dexterity was 13 (limit:18).
 Your constitution was 18 (limit:18).
 Your intelligence was 11 (limit:18).
 Your wisdom was 12 (limit:18).
 Your charisma was 12 (limit:18).

Final Status:
 You weren't hungry.
 You were unencumbered.
 You were wielding a long sword.
 You were skilled in long sword and could have enhanced that.

Final Attributes:
 You were piously aligned.
 You were warded.
 You were fast.
 You are dead.

Miscellaneous:
 You didn't encounter any bones levels.
 Total elapsed playing time was 21 minutes and 9 seconds.

Major events:
 Turn
    1: Drastanta the lawful male human Samurai entered the dungeon
  513: entered the Gnomish Mines
  533: attained the rank of Ronin (level 3)
 1597: attained the rank of Ninja (level 6)
 1705: reached Mine Town
 2546: killed by a gnome king

You didn't know any spells.

Skills:
 Fighting Skills
   martial arts      [Basic]
   two weapon combat [Unskilled]
   riding            [Unskilled]
 Weapon Skills
   dagger            [Unskilled]
   knife             [Unskilled]
   short sword       [Basic]
   broadsword        [Unskilled]
   long sword        [Skilled]
   two-handed sword  [Unskilled]
   saber             [Unskilled]
   flail             [Unskilled]
   quarterstaff      [Unskilled]
   polearms          [Unskilled]
   spear             [Unskilled]
   lance             [Unskilled]
   bow               [Basic]
   shuriken          [Unskilled]
 Spellcasting Skills
   attack spells     [Unskilled]
   divination spells [Unskilled]
   clerical spells   [Unskilled]

Voluntary challenges:
 Character rerolling was not enabled.
 You never genocided any monsters.
 You never polymorphed an object.
 You never changed form.
 You used no wishes.
Achievements:
 You entered the Gnomish Mines.
 You attained the rank of Ronin.
 You attained the rank of Ninja.
 You entered Minetown.
 You entered a temple.
 You entered a shop.

 The Dungeons of Doom: levels 1 to 3
    Level 1:
    Level 2:
       A fountain.
       Stairs down to The Gnomish Mines.
    Level 3:
 The Gnomish Mines: levels 3 to 10
    Level 3:
    Level 4:
    Level 5:
    Level 6:
       Many shops, a temple and an altar, some fountains, a sink.
    Level 7:
    Level 8:
    Level 10: <- You were here.
       Final resting place for
          you, killed by a gnome king.


Vanquished creatures:
  a large mimic
  a small mimic
  a crocodile
  a leprechaun
  2 giant spiders
  a horse
  a black light
  2 gnome rulers
  a housecat
  a dust vortex
  a wood nymph
  a shrieker
 10 gnome leaders
  2 gnomish wizards
  a little dog
  a floating eye
  2 dwarves
  a homunculus
  a giant bat
  5 monkeys
 an iguana
  2 acid blobs
  2 gas spores
  2 large kobolds
 48 gnomes
  3 geckos
  a jackal
  a fox
  2 kobolds
  2 goblins
  3 grid bugs
  2 lichens
  2 newts
108 creatures vanquished.

No species were genocided or became extinct.

Game over:
                       ----------
                      /          \
                     /    REST    \
                    /      IN      \
                   /     PEACE      \
                  /                  \
                  |    Drastanta     |
                  |      136 Au      |
                  |   killed by a    |
                  |    gnome king    |
                  |                  |
                  |                  |
                  |       2026       |
                 *|     *  *  *      | *
        _________)/\\_//(\/(/\)/\//\/|_)_______

Sayonara Drastanta the Samurai...

You died in The Gnomish Mines on dungeon level 10 with 4979 points,
and 136 pieces of gold, after 2546 moves.
You were level 7 with a maximum of 68 hit points when you died.

